AoeStats
← jessetheking12

Arabia

508033443Analyzed
2v2 RM · 11d ago on Sep 20, 2026· 46m 30s· 4 players
Game mode
Random Map
Map size
Medium (4 player)
Population
200
Speed
Normal
Resources
Standard
Victory
Conquest
Starting age
Dark Age
Ending age
Imperial Age
RankedLock teamsTeams togetherTeam positionsShared explorationLock speedFull tech treeHidden civsTurbo modeCheats
Victory
Defeat
🇳🇱 Franks · Netherlands
1008
+15
🇺🇸 Japanese · United States
976
+15
🇺🇸 Franks · United States
977
-15
🇺🇸 Ethiopians · United States
977
-15
ElevatedState
4:57 Loom
11:09 Feudal Age
15:08 Double-Bit Axe
22:42 Castle Age
22:59 Fletching
22:42 Crossbowman
23:48 Bow Saw
25:32 Bodkin Arrow
29:20 Ballistics
30:50 Masonry
31:45 Padded Archer Armor
33:53 Wheelbarrow
39:37 Murder Holes
payytor
4:38 Loom
11:04 Feudal Age
14:08 Double-Bit Axe
19:58 Scale Barding Armor
24:06 Castle Age
22:22 Fletching
22:49 Forging
25:12 Husbandry
25:35 Chain Barding Armor
26:45 Iron Casting
32:38 Wheelbarrow
31:58 Fletching
32:24 Bow Saw
37:47 Imperial Age
35:43 Scale Mail Armor
38:12 Hand Cart
39:29 Cavalier
41:47 Plate Barding Armor
43:11 Chemistry
Wilbur
9:01 Feudal Age
9:08 Man-at-Arms
19:24 Castle Age
19:35 Double-Bit Axe
19:33 Horse Collar
20:44 Bow Saw
21:35 Heavy Plow
25:21 Gold Mining
25:57 Scale Mail Armor
26:08 Forging
26:01 Squires
27:26 Wheelbarrow
29:01 Chain Mail Armor
30:23 Iron Casting
31:58 Hand Cart
32:04 Arson
33:28 Town Watch
34:46 Town Patrol
38:29 Imperial Age
38:42 Gold Shaft Mining
38:44 Elite Samurai
39:59 Plate Mail Armor
40:35 Blast Furnace
40:21 Conscription
40:16 Pikeman
41:11 Fletching
41:38 Loom
42:39 Halberdier
45:59 Two-Man Saw
44:57 Bodkin Arrow
jessetheking12
5:53 Loom
11:54 Feudal Age
12:22 Man-at-Arms
14:46 Double-Bit Axe
21:43 Castle Age
22:03 Town Watch
24:34 Wheelbarrow
23:53 Fletching
24:15 Elite Skirmisher
25:52 Padded Archer Armor
27:56 Leather Archer Armor
28:21 Pikeman
41:10 Bow Saw
42:14 Bodkin Arrow
42:30 Forging
42:20 Scale Mail Armor
44:05 Murder Holes
44:38 Hand Cart
44:25 Gold Mining
44:26 Stone Mining
46:20 Iron Casting
45:50 Scale Barding Armor
46:04 Fortified Wall
45:50 Gambesons
45:50 Arson
46:05 Squires
Connection lost

Rejoining the realm…

Still unreachable

The connection could not be restored.

Session expired

The server has moved on; the page needs a fresh start.